 Dungeon Crawl Stone Soup version 0.29-a0-275-g389c0b56f3 (webtiles) character file.

Game seed: 110458997762992244

11900 Dabor the Cleaver (level 11, -9/72 HPs)
             Began as a Tengu Berserker on Mar 12, 2022.
             Was a High Priest of Trog.
             Mangled by a two-headed ogre
             ... wielding a +0 dire flail
              (15 damage)
             ... on level 1 of the Orcish Mines.
             The game lasted 00:27:04 (12515 turns).

Dabor the Cleaver (Tengu Berserker)                Turns: 12515, Time: 00:27:05

Health: -9/72      AC: 13    Str: 25    XL:     11   Next: 84%
Magic:  12/12      EV: 17    Int: 15    God:    Trog [*****.]
Gold:   807        SH:  0    Dex: 13    Spells: 10/10 levels left

rFire   + . .      SeeInvis .   F - +2 war axe of the End {drain, *Corrode Str+4 Int+6}
rCold   + . .      Faith    +   (no shield)
rNeg    . . .      Spirit   .   G - +1 scale mail of a wizard's laboratory {rF+ rC+}
rPois   .          Reflect  .   p - +1 hat
rElec   .          Harm     .   a - +0 cloak
rCorr   +          Rampage  .   A - +0 pair of gloves
Will    .....                   (boots unavailable)
Stlth   ..........              k - amulet of faith
HPRegen 0.22/turn               i - ring of resist corrosion
MPRegen 0.13/turn               (no ring)

@: flying quickly and evasively, quick
A: beak, talons 3, nimble flight
a: Renounce Religion, Berserk, Trog's Hand, Brothers in Arms


You were on level 1 of the Orcish Mines.
You worshipped Trog.
Trog was extremely pleased with you.
You visited 2 branches of the dungeon, and saw 12 of its levels.

You collected 891 gold pieces.
You spent 84 gold pieces at shops.

Inventory:

Hand Weapons
 g - a +2 hand axe of freezing
 q - a +3 vorpal mace
 u - a +4 halberd of freezing
 F - the +2 war axe of the End (weapon) {drain, *Corrode Str+4 Int+6}
   (You found it on level 10 of the Dungeon)

   A truly terrible weapon, it drains the life of any living foe it strikes.
   Str:       It affects your strength (+4).
   Int:       It affects your intelligence (+6).
   *Corrode:  It may corrode you when you take damage.
Missiles
 I - a throwing net (quivered)
Armour
 a - a +0 cloak (worn)
 j - a +2 scale mail of willpower
 p - a +1 hat (worn)
 A - a +0 pair of gloves (worn)
 G - the +1 scale mail of a wizard's laboratory (worn) {rF+ rC+}
   (You found it on level 10 of the Dungeon)

   rF:        It protects you from fire.
   rC:        It protects you from cold.
Jewellery
 i - a ring of resist corrosion (left hand)
 k - an amulet of faith (around neck)
 y - a ring of ice
Wands
 x - a wand of polymorph (12)
 z - a wand of iceblast (4)
 C - a wand of flame (41)
Scrolls
 f - 3 scrolls of fog
 l - a scroll of silence
 n - a scroll of magic mapping
 t - 4 scrolls of teleportation
 v - 2 scrolls of enchant weapon
 w - 3 scrolls of blinking
 B - 3 scrolls of fear
 D - a scroll of vulnerability {unknown}
 H - a scroll of identify
Potions
 b - 2 potions of ambrosia {unknown}
 c - 6 potions of heal wounds
 d - 5 potions of curing
 e - 2 potions of flight {unknown}
 h - 2 potions of brilliance {unknown}
 m - 2 potions of resistance {unknown}
 o - 2 potions of cancellation {unknown}
 r - a potion of mutation {unknown}
 s - a potion of might
 E - a potion of lignification {unknown}


   Skills:
 + Level 9.7 Fighting
 + Level 10.5 Axes
 + Level 10.2 Armour
 + Level 10.3 Dodging
 + Level 3.5 Evocations


You had 10 spell levels left.
You didn't know any spells.
Your spell library was empty.

Dungeon Overview and Level Annotations

Branches:
Dungeon (10/15)            Temple (0/1) D:5             Orc (2/2) D:10
   Lair: D:8-11         Elf: Orc:2

Altars:
Cheibriados
Dithmenos
Gozag
Trog
Uskayaw
Vehumet
Yredelemnul
The Shining One
Beogh

Shops:
D:6 *(*   D:7 !((

Annotations:
D:10 3 runed translucent doors, P0WERM0DE's ghost, journeyman DsAK


Innate Abilities, Weirdness & Mutations

You have a beak for a mouth.
You have claws for feet.
Your magical nature lets you fly swiftly and evasively.


Message History

An ogre mage comes into view. It is wielding a +0 spear.
The ogre mage shouts!
You hear two shouts!
The ogre mage casts a spell.
The ogre mage flickers and vanishes!
Deactivating autopickup; reactivate with Ctrl-A.
You hear some strange, mumbled words.
You closely miss something. Your kick misses something.
Your peck misses something.
You hear some strange, mumbled words.
You slash something! You claw something! Something barely misses you.
You slash something! You claw something. Your peck misses something.
A two-headed ogre comes into view.
It is wielding a +0 dire flail and a +0 great mace.
The two-headed ogre shouts in stereo!
You slash something! Trog accepts your kill.
Trog appreciates your killing of a magic user.
Reactivating autopickup.
You feel a bit more experienced.
You hear two shouts!
The two-headed ogre closely misses you.
The two-headed ogre hits you with a +0 great mace!
You hit the two-headed ogre. You drain the two-headed ogre.
You claw the two-headed ogre!
The two-headed ogre is moderately wounded.
The two-headed ogre closely misses you.
The two-headed ogre hits you with a +0 great mace!
You completely miss the two-headed ogre.
Your kick misses the two-headed ogre.
The two-headed ogre is moderately wounded.
The two-headed ogre hits you with a +0 dire flail.
The two-headed ogre barely misses you.
You hit the two-headed ogre. You drain the two-headed ogre.
The two-headed ogre is heavily wounded.
The two-headed ogre hits you but does no damage.
The two-headed ogre hits you with a +0 great mace!
You fail to use your ability.
The two-headed ogre hits you with a +0 dire flail!
* * * LOW HITPOINT WARNING * * *
The two-headed ogre hits you with a +0 great mace!
You die...

..... #.......#
....####.....###
# ......#.....##
#. #.........##
... #..........#
....
##......#.##
.....
#.....#####
#....###...##
#....O@...##
#....###.## ####
### #### ###..#
#....# ###.....
#.#.....


You could see a two-headed ogre (fast, drained).

Vanquished Creatures
  Harold (Orc:1)
  An ogre mage (Orc:1)
  A two-headed ogre (D:9)
  An orc knight (Orc:1)
  Pikel (D:7)
  Maggie (D:7)
  A tengu conjurer (D:10)
  2 kobold demonologists (D:9)
  A hornet (D:9)
  Sigmund (D:3)
  A wyvern (D:9)
  14 yaks
  A steam dragon (D:7)
  A warg (Orc:1)
  Menkaure (D:7)
  Duvessa (D:7)
  An acid dragon (D:10)
  A water moccasin (D:6)
  4 orc warriors
  2 sky beasts
  2 ice beasts
  2 black bears
  An ogre (D:4)
  4 centaurs
  2 lemures (D:7)
  Blork the orc (D:5)
  7 kobold brigands
  A gnoll sergeant (D:10)
  4 bullfrogs
  3 scorpions
  6 wights
  Dowan (D:7)
  15 killer bees
  2 howler monkeys (D:10)
  A jelly (D:6)
  A centaur zombie (D:8)
  Crazy Yiuf (D:2)
  5 hounds
  4 orc priests
  Ijyb (D:5)
  3 iguanas (D:5)
  Terence (D:3)
  8 orc wizards
  A killer bee zombie (D:8)
  17 gnolls
  11 adders
  A shadow imp (D:7)
  A white imp (D:6)
  An ufetubus (D:6)
  2 worms (D:2)
  The ghost of altcumming the Sneak, a weakling OpDe (D:5)
  41 orcs
  7 ball pythons
  2 bats
  5 endoplasms
  3 giant cockroaches
  6 goblins
  5 hobgoblins
  4 jackals
  38 kobolds
  A quokka (D:1)
  4 frilled lizards
  7 rats
272 creatures vanquished.

Vanquished Creatures (collateral kills)
  4 orc warriors (D:10)
  2 orc priests (D:10)
  3 orc wizards (D:10)
  12 orcs (D:10)
21 creatures vanquished.

Vanquished Creatures (others)
  A fungus (D:10)
  3 plants (D:10)
4 creatures vanquished.

Grand Total: 297 creatures vanquished

Notes
Turn   | Place    | Note
-------+----------+-------------------------------------------
     0 | D:1      | Dabor the Tengu Berserker began the quest for the Orb.
     0 | D:1      | Reached XP level 1. HP: 14/14 MP: 2/2
   173 | D:1      | Found a faded altar of an unknown god.
   193 | D:1      | Reached XP level 2. HP: 6/19 MP: 3/3
   603 | D:1      | Reached XP level 3. HP: 23/23 MP: 4/4
  1200 | D:2      | Found a runed translucent door.
  1201 | D:2      | Noticed Crazy Yiuf
  1410 | D:2      | Reached XP level 4. HP: 28/28 MP: 5/5
  1539 | D:2      | Reached ** piety under Trog
  1606 | D:2      | You fall into a shaft and drop 1 floor!
  2138 | D:2      | Killed Crazy Yiuf
  2517 | D:3      | Found a glowing golden altar of the Shining One.
  2566 | D:3      | Gained mutation: Your magical nature lets you fly swiftly
                  | and evasively. [Tengu growth]
  2566 | D:3      | Reached XP level 5. HP: 13/33 MP: 6/6
  2566 | D:3      | HP: 1/49 [gnoll/+0 halberd (12)]
  2884 | D:3      | Reached XP level 6. HP: 27/38 MP: 7/7
  3003 | D:3      | Noticed Sigmund
  3008 | D:3      | Noticed Terence
  3014 | D:3      | Killed Sigmund
  3018 | D:3      | Killed Terence
  3418 | D:4      | Identified the +1 robe of Dramatic Exits {rPois rC+}
  3420 | D:4      | Reached skill level 5 in Axes
  3420 | D:4      | Reached XP level 7. HP: 42/44 MP: 8/8
  3856 | D:4      | Reached *** piety under Trog
  4014 | D:5      | Entered Level 5 of the Dungeon
  4034 | D:5      | Reached skill level 5 in Fighting
  4038 | D:5      | Reached skill level 5 in Armour
  4038 | D:5      | Reached skill level 5 in Dodging
  4046 | D:5      | Reached XP level 8. HP: 38/49 MP: 9/9
  4145 | D:5      | Found a staircase to the Ecumenical Temple.
  4164 | D:5      | Noticed Ijyb
  4177 | D:5      | Killed Ijyb
  4229 | D:5      | Noticed Blork the orc
  4240 | D:5      | Killed Blork the orc
  4468 | D:5      | Found a radiant altar of Vehumet.
  4709 | D:5      | Found a runed translucent door.
  5445 | D:5      | Noticed altcumming's ghost (weakling OpDe)
  5453 | D:5      | Killed altcumming's ghost
  5646 | D:6      | Found Doskec's Assorted Antiques.
  5647 | D:6      | Found Deher's Antique Weapon Shoppe.
  5652 | D:6      | Found Marethri's General Store.
  5656 | D:6      | Found Etein's Jewellery Shoppe.
  6067 | D:6      | Reached XP level 9. HP: 37/55 MP: 10/10
  6621 | D:6      | Reached **** piety under Trog
  7000 | D:7      | Noticed Menkaure
  7011 | D:7      | Killed Menkaure
  7018 | D:7      | Noticed Pikel
  7029 | D:7      | Killed Pikel
  7050 | D:7      | Noticed Maggie
  7062 | D:7      | Killed Maggie
  7258 | D:7      | Reached XP level 10. HP: 55/63 MP: 11/11
  7302 | D:7      | Found Jaschihul's Weapon Shoppe.
  7391 | D:7      | Noticed Dowan
  7394 | D:7      | Noticed Duvessa
  7401 | D:7      | Killed Duvessa
  7407 | D:7      | Killed Dowan
  7608 | D:7      | Found Dicepsab's Distillery.
  7620 | D:7      | Bought a potion of heal wounds for 70 gold pieces
  7620 | D:7      | Bought a potion of degeneration for 14 gold pieces
  7758 | D:7      | Found Yfremet's Weapon Emporium.
  8165 | D:8      | Found an opulent altar of Gozag.
  8180 | D:8      | Reached ***** piety under Trog
  8288 | D:8      | Found a hide-covered altar of Uskayaw.
  8337 | D:8      | Found a basalt altar of Yredelemnul.
  8679 | D:8      | Found a bloodstained altar of Trog.
  8870 | D:9      | Noticed a kobold demonologist
  8870 | D:9      | Noticed a kobold demonologist
  8881 | D:9      | Noticed an orange demon
  8885 | D:9      | Noticed a soul eater
  9077 | D:9      | Noticed a rust devil
  9099 | D:9      | Killed a kobold demonologist
  9116 | D:9      | Killed a kobold demonologist
  9539 | D:9      | Found a shadowy altar of Dithmenos.
  9751 | D:9      | Identified the +10 dagger of Gasataf {freeze, Will+}
 10048 | D:9      | Noticed a two-headed ogre
 10058 | D:9      | Killed a two-headed ogre
 10059 | D:9      | Reached XP level 11. HP: 69/69 MP: 12/12
 10083 | D:9      | Found a snail-covered altar of Cheibriados.
 10423 | D:9      | Reached skill level 1 in Evocations
 10463 | D:10     | Entered Level 10 of the Dungeon
 10655 | D:10     | Reached skill level 10 in Axes
 11447 | D:10     | Identified the +2 war axe of the End {drain, *Corrode Str+4
                  | Int+6}
 11586 | D:10     | Identified the +1 scale mail of a wizard's laboratory {rF+
                  | rC+}
 11769 | D:10     | Found a runed translucent gate.
 11770 | D:10     | Found a runed translucent gate.
 11770 | D:10     | Found a runed translucent gate.
 11770 | D:10     | Noticed P0WERM0DE's ghost (journeyman DsAK)
 11898 | D:10     | Reached skill level 10 in Dodging
 12148 | D:10     | Found a staircase to the Orcish Mines.
 12160 | Orc:1    | Entered Level 1 of the Orcish Mines
 12163 | Orc:1    | Noticed Harold
 12175 | Orc:1    | Killed Harold
 12176 | Orc:1    | Reached skill level 10 in Armour
 12380 | Orc:2    | Entered Level 2 of the Orcish Mines
 12440 | Orc:1    | Noticed an orc knight
 12450 | Orc:1    | Killed an orc knight
 12503 | Orc:1    | Noticed an ogre mage
 12509 | Orc:1    | Noticed a two-headed ogre
 12510 | Orc:1    | Killed an ogre mage
 12515 | Orc:1    | Mangled by a two-headed ogre

Illustrated notes

Levels and vault maps discovered:
D:1:      wander_arrival_lonely_grave, layout_loops_ring,
          shapermc_ecumenical_altar_venn, minmay_pentomino_x2
D:2:      layout_basic, uniq_crazy_yiuf_cottage
D:3:      layout_basic, amcnicky_altar_gilded, minmay_pentomino_pile,
          uniq_terence, uniq_sigmund
D:4:      wander_river, layout_rooms, minmay_misc_feat_pillars
D:5:      layout_loops_ring, mainiacjoe_overflow_alcove_1,
          minmay_temple_entry_slanted, ebering_ghost_sewer_d,
          kennysheep_cross_bottleneck, uniq_ijyb, uniq_blork_the_orc
D:6:      layout_cave_pods, minmay_shop_grid_forest
D:7:      layout_basic, serial_shops, shop, nicolae_lakefront_shop,
          nicolae_diamond_shop, uniq_menkaure, uniq_duvessa, uniq_pikel,
          uniq_maggie
D:8:      layout_rooms, nicolae_gozag_cash_rules_everything_around_me,
          lemuel_zombie_altar_yredelemnul, lightli_temple_of_fire,
          kennysheep_mini_moat, skrybe_limestone_x
D:9:      layout_basic, mainiacjoe_overflow_brackets, grunt_dithmenos_smoke
D:10:     layout_basic, david_orc_4, special_room [special_room_orc],
          gammafunk_ghost_nasty_kobolds
Orc:1:    layout_diamond_mine, uniq_harold
Orc:2:    st_orc_elflike, layout_diamond_mine, serial_shops, shop

Skill      XL: |  1  2  3  4  5  6  7  8  9 10 11 |
---------------+----------------------------------+-----
Armour         | 3 4 5 6 7 9 10 | 10.2
Dodging        | 3 4 5 6 7 9 10 | 10.3
Axes           | 4 5 6 8 9 10 | 10.5
Fighting       | 4 5 6 7 8 9 |  9.7
Evocations     | 3 |  3.5

Action                   |  1- 3 |  4- 6 |  7- 9 | 10-12 || total
-------------------------+-------+-------+-------+-------++-------
Melee: Hand axe          |    59 |    25 |       |       ||    84
       Kick              |    14 |    15 |    60 |   126 ||   215
       Peck              |    11 |    10 |    41 |    70 ||   132
       Punch             |     1 |     1 |     2 |     4 ||     8
       Mace              |       |    67 |   245 |   178 ||   490
       Halberd           |       |       |       |   128 ||   128
       War axe           |       |       |       |    58 ||    58
Throw: Throwing net      |       |       |       |     1 ||     1
Invok: Berserk           |       |     4 |     6 |    10 ||    20
       Trog's Hand       |       |     2 |     2 |     4 ||     8
       Brothers in Arms  |       |       |       |     2 ||     2
Evoke: Wand              |       |       |    12 |     7 ||    19
  Use: Scroll            |       |     1 |     6 |     4 ||    11
       Potion            |       |       |     2 |       ||     2
 Stab: Sleeping          |     1 |     2 |     2 |     1 ||     6
Armor: Animal skin       |     9 |     3 |       |       ||    12
       Scale mail        |       |    25 |    15 |   150 ||   190
       Robe              |       |       |    51 |       ||    51
       Steam dragon scal |       |       |     5 |    10 ||    15
Dodge: Dodged            |    37 |    77 |   195 |   368 ||   677

Table legend: (Time is in decaauts)
 A = Elapsed time spent in this place.
 B = Non-inter-level travel time spent in this place.
 C = Inter-level travel time spent in this place.
 D = Time resting spent in this place.
 E = Time spent auto-exploring this place.
 F = Levels seen in this place.
 G = Mean time per level.
                   A        B        C        D        E       F      G
               +--------+--------+--------+--------+--------+-----+--------+
         Total |  12304 |  11756 |    548 |    280 |   9086 |  12 | 1025.3 |
       Dungeon |  11959 |  11411 |    548 |    200 |   8977 |  10 | 1195.9 |
  Orcish Mines |    345 |    345 |      0 |     80 |    109 |   2 |  172.5 |
               +--------+--------+--------+--------+--------+-----+--------+

Top non-repeatable levels by time:
    D:10: 1658 daAuts
     D:2: 1598 daAuts
     D:5: 1467 daAuts
     D:6: 1420 daAuts
     D:8: 1341 daAuts
     D:9: 1123 daAuts
     D:7: 936 daAuts
     D:3: 931 daAuts
     D:1: 895 daAuts
     D:4: 586 daAuts
   Orc:1: 303 daAuts
   Orc:2: 41 daAuts
